 Dungeon Crawl Stone Soup version 0.31-a0-740-g87205ac768 (webtiles) character file.

Game seed: 17088521367309481512

137 Newt the Shooter (level 5, 0/35 HPs)
             Began as a Kobold Hunter on Sept 12, 2023.
             Slain by Duvessa
             ... wielding a +0 short sword
              (7 damage)
             ... on level 4 of the Dungeon.
             The game lasted 00:01:54 (2786 turns).

Newt the Shooter (Kobold Hunter)                    Turns: 2786, Time: 00:01:55

Health: 0/35       AC:  7    Str:  8 (9)  XL:     5   Next: 44%
Magic:  5/5        EV: 14    Int:  9 (10) God:
Gold:   245        SH:  0    Dex: 19 (20) Spells: 4/4 levels left

rFire   . . .        a - +0 shortbow
rCold   . . .        (shield currently unavailable)
rNeg    . . .        k - +1 leather armour of Cuveiduu {rCorr}
rPois   .            f - +2 hat
rElec   .            e - +0 cloak
rCorr   +            (no gloves)
SInv    .            (no boots)
Will    +....        (no amulet)
Stlth   +++          o - ring of willpower
HPRegen 0.25/turn    (no ring)
MPRegen 0.09/turn

%: no passive effects
@: hasted, very quick
A: small, no large weapons, nightstalker 3
a: no special abilities


You were on level 4 of the Dungeon.
You visited 1 branch of the dungeon, and saw 4 of its levels.

You collected 245 gold pieces.

Inventory:

Hand Weapons
 a - a +0 shortbow (weapon)
Armour
 c - a +0 leather armour
 e - a +0 cloak (worn)
 f - a +2 hat (worn)
 k - the +1 leather armour of Cuveiduu (worn) {rCorr}
   (You found it on level 3 of the Dungeon)

   rCorr:     It protects you from acid and corrosion.
Jewellery
 o - a ring of willpower (left hand)
Scrolls
 b - a scroll of butterflies
 d - a scroll of revelation
 h - a scroll of immolation
 j - 2 scrolls of torment
Potions
 g - a potion of curing
 i - a potion of degeneration
 l - 2 potions of haste
 m - a potion of brilliance {unknown}


   Skills:
 - Level 5.0 Fighting
 * Level 6.3 Ranged Weapons
 - Level 2.4 Dodging
 - Level 1.3 Stealth


You had 4 spell levels left.
You didn't know any spells.
Your spell library was empty.

Dungeon Overview and Level Annotations

Branches:
Dungeon (4/15)
 Temple: D:4-7

Altars:

Annotations:
D:4 Dowan, Duvessa


Innate Abilities, Weirdness & Mutations

You are small and have problems with some larger weapons.
You are completely attuned to the shadows.


Message History

The arrow hits Duvessa but does no damage.
Duvessa is heavily wounded.
Duvessa barely misses you. Dowan hits you but does no damage.
You shoot an arrow. The arrow hits Duvessa.
Duvessa is heavily wounded.
Duvessa hits you with a +0 short sword. Dowan closely misses you.
You shoot an arrow.
The arrow hits Duvessa but does no damage.
Duvessa is heavily wounded.
Duvessa barely misses you. Dowan hits you but does no damage.
You shoot an arrow.
The arrow hits Duvessa but does no damage.
Duvessa is heavily wounded.
You shoot an arrow.
The arrow hits Duvessa but does no damage.
Duvessa is heavily wounded.
Duvessa hits you with a +0 short sword. Dowan hits you with a +0 dagger.
You shoot an arrow.
The arrow hits Duvessa but does no damage.
Duvessa is heavily wounded.
Dowan hits you with a +0 dagger. Duvessa hits you but does no damage.
You shoot an arrow. The arrow closely misses Duvessa.
Dowan closely misses you. Duvessa hits you but does no damage.
You shoot an arrow.
The arrow hits Duvessa but does no damage.
Duvessa is heavily wounded.
Duvessa hits you with a +0 short sword!
* * * LOW HITPOINT WARNING * * *
Dowan hits you with a +0 dagger.
* * * LOW HITPOINT WARNING * * *
Duvessa says, "Where magic fails, the sword succeeds!"
You shoot an arrow.
The arrow hits Duvessa but does no damage.
Duvessa is heavily wounded.
Unknown command.
It was a potion of degeneration.
There was something very wrong with that liquid.
You feel weakened.
You feel dopey.
You feel clumsy. Duvessa hits you with a +0 short sword!
You die...

..........
........##
####....#
#####......
....+......
....
.#.##.....
#..##...(.
..........
#..##.....
..<##.....
###..##.....
+#.##.....
....@##...#
..##.....
....ee....#
..........
..........#
....
..>.......#
.....##...#
.... ...##


You could see Duvessa and Dowan.

Vanquished Creatures
  Crazy Yiuf (D:2)
  Terence (D:3)
  An orc wizard (D:2)
  An adder (D:2)
  A worm (D:3)
  A dart slug (D:1)
  3 orcs
  7 ball pythons
  3 bats
  5 endoplasms
  2 giant cockroaches
  5 goblins
  3 hobgoblins
  A quokka (D:2)
  4 frilled lizards
  3 kobolds
42 creatures vanquished.

Notes
Turn   | Place    | Note
-------+----------+-------------------------------------------
     0 | D:1      | Newt the Kobold Hunter began the quest for the Orb.
     0 | D:1      | Reached XP level 1. HP: 12/12 MP: 1/1
   601 | D:1      | Reached XP level 2. HP: 19/19 MP: 2/2
   952 | D:2      | Reached XP level 3. HP: 18/23 MP: 3/3
  1229 | D:2      | Reached XP level 4. HP: 26/30 MP: 4/4
  1703 | D:2      | Found a runed translucent door.
  1706 | D:2      | Noticed Crazy Yiuf
  1868 | D:2      | Killed Crazy Yiuf
  1869 | D:2      | Reached skill level 5 in Fighting
  1932 | D:3      | Identified the +1 leather armour of Cuveiduu {rCorr}
  1941 | D:3      | Reached XP level 5. HP: 35/35 MP: 5/5
  2221 | D:3      | Noticed Terence
  2235 | D:3      | Killed Terence
  2236 | D:3      | Reached skill level 6 in Ranged Weapons
  2761 | D:4      | Noticed Duvessa
  2762 | D:4      | Noticed Dowan
  2786 | D:4      | Slain by Duvessa

Illustrated notes

Levels and vault maps discovered:
D:1:      lightli_arrival_flooded_house, layout_loops_corners,
          corexii_hall_statues_x, hangedman_decor_slide_cut
D:2:      layout_loops_ring, uniq_crazy_yiuf_cottage
D:3:      layout_basic, uniq_terence
D:4:      layout_basic, abandoned_shop, minmay_mini_ossuary, uniq_edmund,
          uniq_eustachio, uniq_sigmund, uniq_duvessa, uniq_ijyb

Skill      XL: |  1  2  3  4  5 |
---------------+----------------+-----
Fighting       | 3 4 5 |  5.0
Ranged Weapons | 6 |  6.3
Dodging        | |  2.4
Stealth        | |  1.3

Action                     |  1- 3 |  4- 6 || total
---------------------------+-------+-------++-------
   Fire: Shortbow          |    66 |    78 ||   144
    Use: Scroll            |       |     8 ||     8
         Potion            |       |     3 ||     3
 Armour: Leather armour    |    11 |    33 ||    44
  Dodge: Dodged            |    15 |    28 ||    43

Table legend: (Time is in decaauts)
 A = Elapsed time spent in this place.
 B = Non-inter-level travel time spent in this place.
 C = Inter-level travel time spent in this place.
 D = Time resting spent in this place.
 E = Time spent auto-exploring this place.
 F = Levels seen in this place.
 G = Mean time per level.
                   A        B        C        D        E       F      G
               +--------+--------+--------+--------+--------+-----+--------+
         Total |   2784 |   2730 |     54 |    146 |   2290 |   4 |  696.0 |
       Dungeon |   2784 |   2730 |     54 |    146 |   2290 |   4 |  696.0 |
               +--------+--------+--------+--------+--------+-----+--------+

Top non-repeatable levels by time:
     D:2: 1032 daAuts
     D:1: 873 daAuts
     D:3: 827 daAuts
     D:4: 51 daAuts
